 Dungeon Crawl Stone Soup version 0.29-a0-541-gaf1fc19f1b (webtiles) character file.

Game seed: 43969736129018061

4 happo123 the Sneak (level 1, -1/10 HPs)
             Began as a Kobold Enchanter on June 3, 2022.
             Slain by a hobgoblin (3 damage)
             ... on level 1 of the Dungeon.
             The game lasted 00:00:32 (162 turns).

happo123 the Sneak (Kobold Enchanter)                Turns: 162, Time: 00:00:32

Health: -1/10      AC:  2    Str:  5    XL:     1   Next: 66%
Magic:  3/3        EV: 15    Int: 16    God:
Gold:   1          SH:  0    Dex: 15    Spells: 4/4 levels left

rFire   . . .      SeeInvis .   a - +1 dagger
rCold   . . .      Faith    .   (no shield)
rNeg    . . .      Spirit   .   b - +0 robe
rPois   .          Reflect  .   (no helmet)
rElec   .          Harm     .   (no cloak)
rCorr   .          Rampage  .   (no gloves)
Will    .....                   (no boots)
Stlth   ++++......              (no amulet)
HPRegen 0.03/turn               (no ring)
MPRegen 0.08/turn               (no ring)

@: no status effects
A: small, no large weapons, nightstalker 3
a: no special abilities


You were on level 1 of the Dungeon.
You visited 1 branch of the dungeon, and saw 1 of its levels.

You collected 1 gold pieces.

Inventory:

Hand Weapons
 a - a +1 dagger (weapon)
Armour
 b - a +0 robe (worn)
Scrolls
 d - 2 scrolls of teleportation {unknown}
Potions
 c - 2 potions of invisibility


   Skills:
 + Level 0.1 Fighting
 + Level 1.5 Short Blades
 + Level 2.5 Dodging
 + Level 4.0 Stealth
 + Level 2.2 Spellcasting
 * Level 3.1 Hexes


You had 4 spell levels left.
You didn't know any spells.
Your spell library contained the following spells:

 Spells                   Type           Power      Damage    Failure   Level
 Ensorcelled Hibernation  Hex/Ice        12%        N/A       16%         2
 Confusing Touch          Hex            11%        N/A       17%         3
 Tukima's Dance           Hex            11%        N/A       17%         3
 Dazzling Flash           Conj/Hex       12%        N/A       32%         3


Dungeon Overview and Level Annotations

Branches:
Dungeon (1/15)

Altars:


Innate Abilities, Weirdness & Mutations

You are small and have problems with some larger weapons.
You are completely attuned to the shadows.


Message History

A ball python comes into view.
A giant cockroach comes into view.
The helpless ball python fails to defend itself.
You puncture the ball python!
You kill the ball python!
A hobgoblin comes into view.
The helpless giant cockroach fails to defend itself.
You impale the giant cockroach!!
You kill the giant cockroach!
A giant cockroach comes into view.
The giant cockroach closely misses you. The giant cockroach bites you.
The hobgoblin shouts!
The giant cockroach completely misses you.
The hobgoblin attacks as you move away! The hobgoblin completely misses you.
The hobgoblin attacks as you move away! The hobgoblin misses you.
The hobgoblin attacks as you move away! The hobgoblin hits you.
Ouch! That really hurt!
* * * LOW HITPOINT WARNING * * *
The giant cockroach misses you. The hobgoblin attacks as you move away!
The hobgoblin closely misses you.
You hit the giant cockroach.
You kill the giant cockroach!
You hit the hobgoblin.
The hobgoblin is lightly wounded.
The hobgoblin misses you.
You barely miss the hobgoblin.
The hobgoblin is lightly wounded.
The hobgoblin closely misses you.
You hit the hobgoblin.
The hobgoblin is severely wounded.
The hobgoblin hits you.
* * * LOW HITPOINT WARNING * * *
You closely miss the hobgoblin.
The hobgoblin is severely wounded.
The hobgoblin barely misses you.
You closely miss the hobgoblin.
The hobgoblin is severely wounded.
The hobgoblin hits you.
You die...

......#.. .........
....##.## .......# ......
.....### ...... .###.#
.....# #.#
.....##################.##
..........g@.......).)...#
.####.....##.#.#####.##....
###.#.##.#.......###..##
...#.##.#....#### ..#
##.#.##.#....# .# ......#
##.##.#


You could see a hobgoblin.

Vanquished Creatures
  2 giant cockroaches (D:1)
  A ball python (D:1)
  A goblin (D:1)
4 creatures vanquished.

Notes
Turn   | Place    | Note
-------+----------+-------------------------------------------
     0 | D:1      | happo123 the Kobold Enchanter began the quest for the Orb.
     0 | D:1      | Reached XP level 1. HP: 10/10 MP: 3/3
   162 | D:1      | Slain by a hobgoblin

Illustrated notes

Levels and vault maps discovered:
D:1:      nicolae_arrival_washed_ashore, layout_basic

Action                   || total
-------------------------++-------
Melee: Dagger            ||    13
 Stab: Sleeping          ||     2
Dodge: Dodged            ||    11

Table legend: (Time is in decaauts)
 A = Elapsed time spent in this place.
 B = Non-inter-level travel time spent in this place.
 C = Inter-level travel time spent in this place.
 D = Time resting spent in this place.
 E = Time spent auto-exploring this place.
 F = Levels seen in this place.
 G = Mean time per level.
                   A        B        C        D        E       F      G
               +--------+--------+--------+--------+--------+-----+--------+
         Total |    165 |    160 |      5 |      0 |    124 |   1 |  165.0 |
       Dungeon |    165 |    160 |      5 |      0 |    124 |   1 |  165.0 |
               +--------+--------+--------+--------+--------+-----+--------+

Top non-repeatable levels by time:
     D:1: 165 daAuts
